WCHLSIM.com - West Coast Hockey League
html PUBLIC "-//W3C//DTD XHTML 1.0 Transitional//EN" "http://www.w3.org/TR/xhtml1/DTD/xhtml1-transitional.dtd"> WCHL - Game 126 - SPOKANE KNIGHTS vs ANCHORAGE ACES

SPOKANE KNIGHTS vs ANCHORAGE ACES

Created - 31 octobre 2021 at 22:45

Goals
1 2 3 T
SPOKANE KNIGHTS 1 0 1 2
ANCHORAGE ACES 0 0 0 0
Shots
1 2 3 T
SPOKANE KNIGHTS 9 11 10 30
ANCHORAGE ACES 5 8 6 19

1st period

1. SPOKANE KNIGHTS , Nick Foligno 3 (Valeri Nichushkin 1) at 13:19

Penalties :
Jordan Martinook (ANC) for Hooking (Minor) at 4:07, Seth Jones (ANC) for Hooking (Minor) at 8:55, Tyler Pitlick (SPO) for Hooking (Minor) at 8:55, Nick Foligno (SPO) for Slashing (Minor) at 13:32, Patrik Nemeth (ANC) for Roughing (Minor) at 17:57

2nd period

No Goal

Penalties :
Jordan Martinook (ANC) for Delaying the game (Minor) at 1:39

3rd period

2. SPOKANE KNIGHTS , Bryan Rust 3 (Sebastian Aho 9) at 8:19 (PP)

Penalties :
Ben Chiarot (ANC) for Hooking (Minor) at 8:17, Patrik Nemeth (ANC) for Hooking (Minor) at 8:59, Nick Foligno (SPO) for High sticking (Minor) at 17:25

Goalie Stats

Mike Smith (SPO), 19 saves from 19 shots - (1,000), W, 2-3-1, 60:00 minutes
Darcy Kuemper (ANC), 28 saves from 30 shots - (0,933), L, 3-3-0, 60:00 minutes

Players Stats for SPOKANE KNIGHTS

Player Name              G  A  P  +/- PIM S  H  SB GA TA FO     MP     PP MP  PK MP  
------------------------------------------------------------------------------------
Andrew Agozzino          0  0  0   0  0   0  1  0  0  0  3/7     5:27   0:00   1:10 
Bryan Rust               1  0  1   0  0   3  1  0  0  0  1/1    19:57   4:28   0:00 
Cale Makar               0  0  0   0  0   4  2  1  0  0  0/0    21:21   4:19   0:00 
Colton Sceviour          0  0  0   0  0   0  0  0  0  0  0/0    13:24   0:00   0:00 
David Backes             0  0  0   0  0   1  0  0  0  0  9/12   13:25   0:00   0:00 
Duncan Keith             0  0  0   0  0   1  1  0  0  0  0/0    22:17   3:39   1:51 
Jamie Oleksiak           0  0  0   0  0   0  4  1  0  0  0/0    19:10   0:00   2:07 
Kevin Stenlund           0  0  0   0  0   0  0  0  0  0  0/0     0:00   0:00   0:00 
Mario Ferraro            0  0  0   1  0   0  0  2  0  0  0/0    19:45   3:39   2:07 
Matthew Tkachuk          0  0  0   1  0   4  2  0  0  0  0/1    21:06   4:28   2:48 
Nick Foligno             1  0  1   1  4   2  1  0  0  0  4/16   17:18   3:30   0:00 
Patrice Bergeron         0  0  0   0  0   4  0  0  0  0  11/24  21:47   3:30   2:48 
Patrick Kane             0  0  0   0  0   5  0  0  0  0  0/1    22:12   3:30   0:00 
Radko Gudas              0  0  0   1  0   0  1  1  0  0  0/0    14:58   0:00   1:51 
Sebastian Aho            0  1  1   0  0   3  1  0  0  0  3/11   20:10   4:28   0:00 
Tyler Pitlick            0  0  0   0  2   1  1  0  0  0  0/0     4:14   0:00   0:00 
Valeri Nichushkin        0  1  1   1  0   1  0  1  0  0  0/0    15:00   0:00   1:10 
Victor Hedman            0  0  0   0  0   1  0  1  0  0  0/0    22:29   4:19   0:00 

Players Stats for ANCHORAGE ACES

Player Name              G  A  P  +/- PIM S  H  SB GA TA FO     MP     PP MP  PK MP  
------------------------------------------------------------------------------------
Artturi Lehkonen         0  0  0  -1  0   0  1  0  0  0  0/0    18:21   0:00   4:05 
Ben Chiarot              0  0  0   0  2   1  0  1  0  0  0/0    23:19   1:45   4:25 
Brad Richardson          0  0  0   0  0   1  0  0  0  0  1/5     5:11   0:00   0:00 
Carl Gunnarsson          0  0  0   0  0   0  0  0  0  0  0/0    18:54   0:00   2:36 
Charlie Coyle            0  0  0   0  0   1  0  0  0  0  7/16   14:09   0:00   2:39 
Chris Kreider            0  0  0   0  0   1  3  0  0  0  1/1    13:59   2:28   0:01 
Connor McDavid           0  0  0  -1  0   6  0  0  0  0  12/17  17:10   1:30   0:00 
Jordan Martinook         0  0  0   0  4   0  1  0  0  0  0/0    13:10   0:00   1:42 
Josh Bailey              0  0  0   0  0   3  1  1  0  0  0/1    18:22   2:28   0:11 
Nate Thompson            0  0  0   0  0   0  0  0  0  0  0/2     7:34   0:00   2:23 
Nathan MacKinnon         0  0  0  -1  0   3  0  0  0  0  1/1    17:10   1:30   0:00 
Nikolaj Ehlers           0  0  0   0  0   2  1  0  0  0  1/2    17:30   1:30   0:17 
Patrik Nemeth            0  0  0  -1  4   0  1  1  0  0  0/0    18:18   1:45   1:24 
Phillip Danault          0  0  0   0  0   0  1  0  0  0  19/27  22:14   2:28   4:38 
Robert Bortuzzo          0  0  0   0  0   0  4  1  0  0  0/0    14:31   0:00   0:00 
Ryan Reaves              0  0  0   0  0   0  1  0  0  0  0/1     5:11   0:00   0:00 
Seth Jones               0  0  0   0  2   1  1  1  0  0  0/0    21:27   2:13   2:15 
Zachary Werenski         0  0  0  -1  0   0  0  1  0  0  0/0    23:27   2:13   5:16 

3 Stars

1 - Mike Smith (SPO)
2 - Bryan Rust (SPO)
3 - Darcy Kuemper (ANC)

Power Play

SPOKANE KNIGHTS - 1 on 5 Attempt(s) - 20,00%
ANCHORAGE ACES - 0 on 2 Attempt(s) - 0,00%

Penalty Kill

SPOKANE KNIGHTS - 2 on 2 Attempt(s) - 100,00% - Score 0 goal in Penalty Kill
ANCHORAGE ACES - 4 on 5 Attempt(s) - 80,00% - Score 0 goal in Penalty Kill

Team Stat

SPOKANE KNIGHTS - Hits : 15 - Faceoff Wins : 31 - Blocked Shots : 7 - Penalty Minutes : 6
ANCHORAGE ACES - Hits : 15 - Faceoff Wins : 42 - Blocked Shots : 6 - Penalty Minutes : 12

Official

Referees : Brian Pochmara and Justin St. Pierre
Linesman : Brent Hooks and Brendan Lewis

Game Notes

No Game Note

Finance

Level 1 -- Attendance: 6000 (100,00%) -- Ticket Income 960 000 $
Level 2 -- Attendance: 5000 (100,00%) -- Ticket Income 630 000 $
Level 3 -- Attendance: 1899 (94,95%) -- Ticket Income 199 395 $
Level 4 -- Attendance: 4000 (100,00%) -- Ticket Income 248 000 $
Luxury Box -- Attendance: 1000 (100,00%) -- Ticket Income 280 000 $
Game was played at the Alaska Center.
Total Attendance: 17899 (99,44%)
Total Ticket Income: 2 317 395 $
Other Expense: 23 174 $
Total Income: 2 294 221 $

SPOKANE KNIGHTS

5 vs 5 Forward 
   Center                   Left Wing                Right Wing               Time % Phy DF OF 
 1 Patrice Bergeron         Sebastian Aho            Bryan Rust               30     1   1  3  
 2 Nick Foligno             Valeri Nichushkin        Matthew Tkachuk          30     1   2  2  
 3 David Backes             Colton Sceviour          Patrick Kane             30     1   2  2  
 4 Andrew Agozzino          Tyler Pitlick            Patrick Kane             10     1   2  2  

5 vs 5 Defense 
   Defense                  Defense                                           Time % Phy DF OF 
 1 Duncan Keith             Cale Makar                                        35     1   2  2  
 2 Jamie Oleksiak           Victor Hedman                                     35     1   2  2  
 3 Mario Ferraro            Radko Gudas                                       15     1   3  1  
 4 Mario Ferraro            Radko Gudas                                       15     1   3  1  

PowerPlay Forward 
   Center                   Left Wing                Right Wing               Time % Phy DF OF 
 1 Sebastian Aho            Bryan Rust               Matthew Tkachuk          60     1   1  3  
 2 Patrice Bergeron         Nick Foligno             Patrick Kane             40     1   1  3  

PowerPlay Defense
   Defense                  Defense                                           Time % Phy DF OF 
 1 Victor Hedman            Cale Makar                                        60     0   1  4  
 2 Duncan Keith             Mario Ferraro                                     40     0   1  4  

Penalty Kill 4 Players Forward 
   Center                   Wing                     Time % Phy DF OF 
 1 Patrice Bergeron         Matthew Tkachuk          55     1   3  1  
 2 Andrew Agozzino          Valeri Nichushkin        45     1   3  1  

Penalty Kill 4 Players Defense
   Defense                  Defense                  Time % Phy DF OF 
 1 Duncan Keith             Radko Gudas              60     1   3  1  
 2 Mario Ferraro            Jamie Oleksiak           40     1   3  1  

Penalty Kill - 3 Players Forward 
   Forward                                           Time % Phy DF OF 
 1 Patrice Bergeron                                  60     0   5  0  
 2 Sebastian Aho                                     40     0   5  0  

Penalty Kill - 3 Players Defense
   Defense                  Defense                  Time % Phy DF OF 
 1 Victor Hedman            Mario Ferraro            60     0   5  0  
 2 Cale Makar               Radko Gudas              40     0   5  0  

4 vs 4 Forward 
   Center                   Wing                     Time % Phy DF OF 
 1 Patrice Bergeron         Bryan Rust               50     1   2  2  
 2 Sebastian Aho            Patrick Kane             50     1   2  2  

4 vs 4 Defense
   Defense                  Defense                  Time % Phy DF OF 
 1 Cale Makar               Victor Hedman            60     1   2  2  
 2 Duncan Keith             Mario Ferraro            40     1   2  2  

Last Minutes Offensive
   Center                   Left Wing                Right Wing               Defense                  Defense                  
   Patrice Bergeron         Sebastian Aho            Patrick Kane             Cale Makar               Victor Hedman            

Last Minutes Defensive
   Center                   Left Wing                Right Wing               Defense                  Defense                  
   Patrice Bergeron         Sebastian Aho            Bryan Rust               Cale Makar               Victor Hedman            

Goaltenders
Starting : Mike Smith               
Backup : Frederik Andersen        

Extra Forwards
Normal : David Backes, Patrick Kane, Andrew Agozzino - PP : Patrick Kane, Nick Foligno - PK : Patrice Bergeron
Extra Defensemen
Normal : Jamie Oleksiak, Radko Gudas, Mario Ferraro - PP : Mario Ferraro - PK : Victor Hedman, Duncan Keith
Penalty Shots
Sebastian Aho, Patrick Kane, Patrice Bergeron, Matthew Tkachuk, Bryan Rust
Custom OT Lines Forwards
Patrice Bergeron, Sebastian Aho, Patrick Kane, Matthew Tkachuk, Bryan Rust, Valeri Nichushkin, Nick Foligno, Tyler Pitlick, Andrew Agozzino, David Backes
Custom OT Lines Defensemen
Victor Hedman, Cale Makar, Mario Ferraro, Duncan Keith, Jamie Oleksiak

Scratches
None

ANCHORAGE ACES

5 vs 5 Forward 
   Center                   Left Wing                Right Wing               Time % Phy DF OF 
 1 Connor McDavid           Artturi Lehkonen         Nathan MacKinnon         35     0   1  4  
 2 Phillip Danault          Nikolaj Ehlers           Josh Bailey              35     1   1  3  
 3 Charlie Coyle            Chris Kreider            Jordan Martinook         22     1   2  2  
 4 Brad Richardson          Nate Thompson            Ryan Reaves              8      2   2  1  

5 vs 5 Defense 
   Defense                  Defense                                           Time % Phy DF OF 
 1 Seth Jones               Ben Chiarot                                       35     1   2  2  
 2 Zachary Werenski         Patrik Nemeth                                     35     1   2  2  
 3 Robert Bortuzzo          Carl Gunnarsson                                   23     2   3  0  
 4 Seth Jones               Carl Gunnarsson                                   7      1   2  2  

PowerPlay Forward 
   Center                   Left Wing                Right Wing               Time % Phy DF OF 
 1 Connor McDavid           Nikolaj Ehlers           Nathan MacKinnon         55     1   2  2  
 2 Phillip Danault          Chris Kreider            Josh Bailey              45     1   2  2  

PowerPlay Defense
   Defense                  Defense                                           Time % Phy DF OF 
 1 Seth Jones               Zachary Werenski                                  55     1   2  2  
 2 Ben Chiarot              Patrik Nemeth                                     45     1   2  2  

Penalty Kill 4 Players Forward 
   Center                   Wing                     Time % Phy DF OF 
 1 Phillip Danault          Artturi Lehkonen         55     1   2  2  
 2 Charlie Coyle            Jordan Martinook         45     1   2  2  

Penalty Kill 4 Players Defense
   Defense                  Defense                  Time % Phy DF OF 
 1 Zachary Werenski         Ben Chiarot              55     1   2  2  
 2 Carl Gunnarsson          Patrik Nemeth            45     1   2  2  

Penalty Kill - 3 Players Forward 
   Forward                                           Time % Phy DF OF 
 1 Phillip Danault                                   55     1   2  2  
 2 Charlie Coyle                                     45     1   2  2  

Penalty Kill - 3 Players Defense
   Defense                  Defense                  Time % Phy DF OF 
 1 Ben Chiarot              Seth Jones               55     1   2  2  
 2 Carl Gunnarsson          Robert Bortuzzo          45     1   2  2  

4 vs 4 Forward 
   Center                   Wing                     Time % Phy DF OF 
 1 Connor McDavid           Nathan MacKinnon         55     1   2  2  
 2 Nikolaj Ehlers           Josh Bailey              45     1   2  2  

4 vs 4 Defense
   Defense                  Defense                  Time % Phy DF OF 
 1 Seth Jones               Ben Chiarot              55     1   2  2  
 2 Zachary Werenski         Patrik Nemeth            45     1   2  2  

Last Minutes Offensive
   Center                   Left Wing                Right Wing               Defense                  Defense                  
   Nathan MacKinnon         Connor McDavid           Nikolaj Ehlers           Seth Jones               Zachary Werenski         

Last Minutes Defensive
   Center                   Left Wing                Right Wing               Defense                  Defense                  
   Phillip Danault          Jordan Martinook         Nathan MacKinnon         Seth Jones               Zachary Werenski         

Goaltenders
Starting : Darcy Kuemper            
Backup : James Reimer             

Extra Forwards
Normal : Josh Bailey, Nathan MacKinnon, Connor McDavid - PP : Nikolaj Ehlers, Josh Bailey - PK : Nate Thompson
Extra Defensemen
Normal : Zachary Werenski, Seth Jones, Ben Chiarot - PP : Zachary Werenski - PK : Patrik Nemeth, Seth Jones
Penalty Shots
Nathan MacKinnon, Nikolaj Ehlers, Connor McDavid, Josh Bailey, Chris Kreider
Custom OT Lines Forwards
Nathan MacKinnon, Nikolaj Ehlers, Connor McDavid, Josh Bailey, Chris Kreider, Phillip Danault, Charlie Coyle, Artturi Lehkonen, Jordan Martinook, Brad Richardson
Custom OT Lines Defensemen
Zachary Werenski, Seth Jones, Ben Chiarot, Patrik Nemeth, Robert Bortuzzo

Scratches
Cedric Paquette (Healthy), Jean-Sebastien Dea (Healthy)

% Time on Ice - SPOKANE KNIGHTS

Lines # - Real PCT - Wanted PCT - Time Play
Normal Forward
1 - 32% - 30% - 14:36
2 - 30% - 30% - 13:50
3 - 29% - 30% - 13:24
4 - 9% - 10% - 4:15
Normal Defense
1 - 35% - 35% - 15:55
2 - 37% - 35% - 17:03
3 - 14% - 15% - 6:31
4 - 14% - 15% - 6:36
PP Forward
1 - 56% - 60% - 4:28
2 - 44% - 40% - 3:30
PP Defense
1 - 54% - 60% - 4:19
2 - 46% - 40% - 3:39
PK Forward
1 - 71% - 55% - 2:48
2 - 29% - 45% - 1:10
PK Defense
1 - 47% - 60% - 1:51
2 - 53% - 40% - 2:07
PK3 Forward
1 - 0% - 60%
2 - 0% - 40%
PK3 Defense
1 - 0% - 60%
2 - 0% - 40%
44 Forward
1 - 45% - 50% - 0:53
2 - 55% - 50% - 1:06
44 Defense
1 - 56% - 60% - 1:07
2 - 44% - 40% - 0:52
Last Minute Offensive  - 0:00
Last Minute Defensive  - 0:00
Total
Forward - 60:00
Defense - 60:00

% Time on Ice - ANCHORAGE ACES

Lines # - Real PCT - Wanted PCT - Time Play
Normal Forward
1 - 31% - 35% - 14:16
2 - 33% - 35% - 15:08
3 - 25% - 22% - 11:30
4 - 11% - 8% - 5:11
Normal Defense
1 - 34% - 35% - 15:48
2 - 32% - 35% - 14:34
3 - 32% - 23% - 14:31
4 - 3% - 7% - 1:12
PP Forward
1 - 38% - 55% - 1:30
2 - 62% - 45% - 2:28
PP Defense
1 - 56% - 55% - 2:13
2 - 44% - 45% - 1:45
PK Forward
1 - 62% - 55% - 4:55
2 - 38% - 45% - 3:03
PK Defense
1 - 59% - 55% - 4:41
2 - 41% - 45% - 3:17
PK3 Forward
1 - 0% - 55%
2 - 0% - 45%
PK3 Defense
1 - 0% - 55%
2 - 0% - 45%
44 Forward
1 - 71% - 55% - 1:24
2 - 29% - 45% - 0:35
44 Defense
1 - 100% - 55% - 1:59
2 - 0% - 45% - 0:00
Last Minute Offensive  - 0:00
Last Minute Defensive  - 0:00
Total
Forward - 60:00
Defense - 60:00

Play-by-Play

1st period


0:01 of 1st period - Connor McDavid wins face-off versus Patrice Bergeron in neutral zone.
0:45 of 1st period - Icing by Duncan Keith.
0:46 of 1st period - Phillip Danault wins face-off versus Patrice Bergeron in SPOKANE KNIGHTS zone.
1:35 of 1st period - Josh Bailey is hit by Jamie Oleksiak and loses puck.
2:03 of 1st period - Icing by Carl Gunnarsson.
2:04 of 1st period - Charlie Coyle wins face-off versus David Backes in ANCHORAGE ACES zone.
2:17 of 1st period - Shot by Charlie Coyle.
2:17 of 1st period - Shot Misses the Net.
2:25 of 1st period - Radko Gudas is hit by Jordan Martinook and loses puck.
2:55 of 1st period - Icing by Robert Bortuzzo.
2:56 of 1st period - Patrice Bergeron wins face-off versus Charlie Coyle in ANCHORAGE ACES zone.
2:56 of 1st period - Sebastian Aho is hit by Robert Bortuzzo and loses puck.
3:35 of 1st period - Patrice Bergeron is hit by Robert Bortuzzo and loses puck.
3:43 of 1st period - Patrice Bergeron is hit by Robert Bortuzzo and loses puck.
4:07 of 1st period - Minor Penalty to Jordan Martinook for Hooking.
4:08 of 1st period - Phillip Danault wins face-off versus Patrick Kane in ANCHORAGE ACES zone.
5:04 of 1st period - Shot by Cale Makar.
5:04 of 1st period - Shot Misses the Net.
5:10 of 1st period - Shot by Cale Makar.
5:10 of 1st period - Stopped by Darcy Kuemper without a rebound.
5:11 of 1st period - Sebastian Aho wins face-off versus Nate Thompson in ANCHORAGE ACES zone.
5:30 of 1st period - Icing by Sebastian Aho.
5:31 of 1st period - Sebastian Aho wins face-off versus Nate Thompson in SPOKANE KNIGHTS zone.
6:08 of 1st period - Icing by Patrice Bergeron.
6:09 of 1st period - David Backes wins face-off versus Phillip Danault in SPOKANE KNIGHTS zone.
6:17 of 1st period - Icing by David Backes.
6:18 of 1st period - Connor McDavid wins face-off versus David Backes in SPOKANE KNIGHTS zone.
6:19 of 1st period - Shot by Nathan MacKinnon.
6:19 of 1st period - Shot Misses the Net.
6:35 of 1st period - Shot by Nathan MacKinnon.
6:35 of 1st period - Shot Blocked by Mario Ferraro.
6:37 of 1st period - Shot by Seth Jones.
6:37 of 1st period - Stopped by Mike Smith without a rebound.
6:38 of 1st period - Nick Foligno wins face-off versus Phillip Danault in SPOKANE KNIGHTS zone.
7:08 of 1st period - Phillip Danault is hit by Duncan Keith and loses puck.
8:10 of 1st period - Shot by Nathan MacKinnon.
8:10 of 1st period - Shot Blocked by Victor Hedman.
8:22 of 1st period - Shot by Connor McDavid.
8:22 of 1st period - Deflect By Nathan MacKinnon.
8:22 of 1st period - Stopped by Mike Smith without a rebound.
8:23 of 1st period - Patrice Bergeron wins face-off versus Brad Richardson in SPOKANE KNIGHTS zone.
8:28 of 1st period - Nate Thompson is hit by Sebastian Aho and loses puck.
8:51 of 1st period - Shot by Sebastian Aho.
8:51 of 1st period - Stopped by Darcy Kuemper without a rebound.
8:52 of 1st period - Connor McDavid wins face-off versus Andrew Agozzino in ANCHORAGE ACES zone.
8:52 of 1st period - Connor McDavid is hit by Tyler Pitlick.
8:55 of 1st period - Minor Penalty to Seth Jones for Hooking.
8:55 of 1st period - Minor Penalty to Tyler Pitlick for Hooking.
8:56 of 1st period - Connor McDavid wins face-off versus Sebastian Aho in ANCHORAGE ACES zone.
9:40 of 1st period - Shot by Patrick Kane.
9:40 of 1st period - Shot Misses the Net.
10:19 of 1st period - Shot by Bryan Rust.
10:19 of 1st period - Stopped by Darcy Kuemper without a rebound.
10:20 of 1st period - Patrice Bergeron wins face-off versus Nikolaj Ehlers in ANCHORAGE ACES zone.
10:29 of 1st period - Shot by Patrice Bergeron.
10:29 of 1st period - Shot Misses the Net.
10:37 of 1st period - Shot by Bryan Rust.
10:37 of 1st period - Stopped by Darcy Kuemper without a rebound.
10:38 of 1st period - Nikolaj Ehlers wins face-off versus Sebastian Aho in ANCHORAGE ACES zone.
10:45 of 1st period - Shot by Josh Bailey.
10:45 of 1st period - Stopped by Mike Smith with a rebound.
10:59 of 1st period - Shot by Matthew Tkachuk.
10:59 of 1st period - Stopped by Darcy Kuemper without a rebound.
11:00 of 1st period - Brad Richardson wins face-off versus Matthew Tkachuk in ANCHORAGE ACES zone.
11:00 of 1st period - Brad Richardson is hit by Matthew Tkachuk.
11:10 of 1st period - Shot by Matthew Tkachuk.
11:10 of 1st period - Stopped by Darcy Kuemper with a rebound.
11:12 of 1st period - Shot by Mario Ferraro.
11:12 of 1st period - Shot Misses the Net.
11:14 of 1st period - Shot by Valeri Nichushkin.
11:14 of 1st period - Stopped by Darcy Kuemper without a rebound.
11:15 of 1st period - Phillip Danault wins face-off versus David Backes in ANCHORAGE ACES zone.
11:17 of 1st period - Icing by Nikolaj Ehlers.
11:18 of 1st period - David Backes wins face-off versus Josh Bailey in ANCHORAGE ACES zone.
12:57 of 1st period - Shot by Nathan MacKinnon.
12:57 of 1st period - Shot Misses the Net.
13:19 of 1st period - Shot by Nick Foligno.
13:19 of 1st period - Goal by Nick Foligno - SPOKANE KNIGHTS : 1 - ANCHORAGE ACES : 0.
13:20 of 1st period - Charlie Coyle wins face-off versus Nick Foligno in neutral zone.
13:32 of 1st period - Minor Penalty to Nick Foligno for Slashing.
13:33 of 1st period - Chris Kreider wins face-off versus Patrice Bergeron in SPOKANE KNIGHTS zone.
14:36 of 1st period - Shot by Nathan MacKinnon.
14:36 of 1st period - Stopped by Mike Smith without a rebound.
14:37 of 1st period - Connor McDavid wins face-off versus Patrice Bergeron in SPOKANE KNIGHTS zone.
14:42 of 1st period - Shot by Connor McDavid.
14:42 of 1st period - Shot Misses the Net.
14:44 of 1st period - Shot by Nathan MacKinnon.
14:44 of 1st period - Shot Misses the Net.
14:46 of 1st period - Shot by Seth Jones.
14:46 of 1st period - Shot Misses the Net.
14:48 of 1st period - Shot by Nathan MacKinnon.
14:48 of 1st period - Deflect By Connor McDavid.
14:48 of 1st period - Stopped by Mike Smith without a rebound.
14:49 of 1st period - Phillip Danault wins face-off versus Patrice Bergeron in SPOKANE KNIGHTS zone.
16:18 of 1st period - Icing by Robert Bortuzzo.
16:19 of 1st period - Connor McDavid wins face-off versus Nick Foligno in ANCHORAGE ACES zone.
16:48 of 1st period - Shot by Ryan Reaves.
16:48 of 1st period - Shot Misses the Net.
16:50 of 1st period - Shot by Seth Jones.
16:50 of 1st period - Shot Misses the Net.
17:39 of 1st period - Bryan Rust is hit by Phillip Danault and loses puck.
17:57 of 1st period - Minor Penalty to Patrik Nemeth for Roughing.
17:58 of 1st period - Charlie Coyle wins face-off versus Patrice Bergeron in ANCHORAGE ACES zone.
17:58 of 1st period - Charlie Coyle is hit by Nick Foligno.
18:05 of 1st period - Icing by Cale Makar.
18:06 of 1st period - Patrice Bergeron wins face-off versus Phillip Danault in SPOKANE KNIGHTS zone.
18:13 of 1st period - Shot by Patrice Bergeron.
18:13 of 1st period - Stopped by Darcy Kuemper without a rebound.
18:14 of 1st period - Phillip Danault wins face-off versus Sebastian Aho in ANCHORAGE ACES zone.
18:25 of 1st period - Shot by Victor Hedman.
18:25 of 1st period - Shot Misses the Net.
18:27 of 1st period - Shot by Victor Hedman.
18:27 of 1st period - Shot Misses the Net.
18:29 of 1st period - Shot by Matthew Tkachuk.
18:29 of 1st period - Shot Blocked by Seth Jones.
19:05 of 1st period - Off-side.
19:06 of 1st period - Patrice Bergeron wins face-off versus Charlie Coyle in neutral zone.
Goals for this period are 1 for SPOKANE KNIGHTS vs 0 for ANCHORAGE ACES.
Shots for this period are 9 for SPOKANE KNIGHTS vs 5 for ANCHORAGE ACES.

2nd period


0:01 of 2nd period - David Backes wins face-off versus Connor McDavid in neutral zone.
0:12 of 2nd period - Shot by Patrick Kane.
0:12 of 2nd period - Shot Misses the Net.
0:23 of 2nd period - Shot by Seth Jones.
0:23 of 2nd period - Shot Hit the Post.
0:43 of 2nd period - Shot by Connor McDavid.
0:43 of 2nd period - Shot Blocked by Jamie Oleksiak.
0:58 of 2nd period - Icing by Nikolaj Ehlers.
0:59 of 2nd period - Phillip Danault wins face-off versus Nick Foligno in ANCHORAGE ACES zone.
1:12 of 2nd period - Shot by Nikolaj Ehlers.
1:12 of 2nd period - Stopped by Mike Smith with a rebound.
1:26 of 2nd period - Off-side.
1:27 of 2nd period - Charlie Coyle wins face-off versus Sebastian Aho in neutral zone.
1:39 of 2nd period - Minor Penalty to Jordan Martinook for Delaying the game.
1:40 of 2nd period - Phillip Danault wins face-off versus Sebastian Aho in ANCHORAGE ACES zone.
1:49 of 2nd period - Shot by Cale Makar.
1:49 of 2nd period - Stopped by Darcy Kuemper without a rebound.
1:50 of 2nd period - Phillip Danault wins face-off versus Sebastian Aho in ANCHORAGE ACES zone.
1:55 of 2nd period - Shot by Sebastian Aho.
1:55 of 2nd period - Stopped by Darcy Kuemper with a rebound.
1:57 of 2nd period - Shot by Cale Makar.
1:57 of 2nd period - Stopped by Darcy Kuemper without a rebound.
1:58 of 2nd period - Phillip Danault wins face-off versus Sebastian Aho in ANCHORAGE ACES zone.
2:57 of 2nd period - Shot by Patrick Kane.
2:57 of 2nd period - Stopped by Darcy Kuemper without a rebound.
2:58 of 2nd period - Phillip Danault wins face-off versus Patrice Bergeron in ANCHORAGE ACES zone.
3:13 of 2nd period - Shot by Patrick Kane.
3:13 of 2nd period - Stopped by Darcy Kuemper without a rebound.
3:14 of 2nd period - Phillip Danault wins face-off versus Patrice Bergeron in ANCHORAGE ACES zone.
3:35 of 2nd period - Shot by Patrick Kane.
3:35 of 2nd period - Shot Blocked by Zachary Werenski.
3:37 of 2nd period - Shot by Mario Ferraro.
3:37 of 2nd period - Shot Misses the Net.
4:04 of 2nd period - Shot by Patrick Kane.
4:04 of 2nd period - Shot Misses the Net.
4:26 of 2nd period - Shot by Patrice Bergeron.
4:26 of 2nd period - Shot Misses the Net.
4:28 of 2nd period - Shot by Patrice Bergeron.
4:28 of 2nd period - Stopped by Darcy Kuemper with a rebound.
5:13 of 2nd period - Off-side.
5:14 of 2nd period - Nathan MacKinnon wins face-off versus Nick Foligno in neutral zone.
5:27 of 2nd period - Shot by Connor McDavid.
5:27 of 2nd period - Stopped by Mike Smith without a rebound.
5:28 of 2nd period - Andrew Agozzino wins face-off versus Ryan Reaves in SPOKANE KNIGHTS zone.
5:28 of 2nd period - Andrew Agozzino is hit by Ryan Reaves.
6:36 of 2nd period - Shot by Cale Makar.
6:36 of 2nd period - Stopped by Darcy Kuemper without a rebound.
6:37 of 2nd period - Phillip Danault wins face-off versus Patrice Bergeron in ANCHORAGE ACES zone.
6:37 of 2nd period - Phillip Danault is hit by Bryan Rust.
7:15 of 2nd period - Icing by Mario Ferraro.
7:16 of 2nd period - Patrice Bergeron wins face-off versus Connor McDavid in SPOKANE KNIGHTS zone.
7:34 of 2nd period - Nathan MacKinnon is hit by Radko Gudas and loses puck.
8:29 of 2nd period - Shot by Matthew Tkachuk.
8:29 of 2nd period - Stopped by Darcy Kuemper without a rebound.
8:30 of 2nd period - David Backes wins face-off versus Phillip Danault in ANCHORAGE ACES zone.
8:45 of 2nd period - Shot by Patrick Kane.
8:45 of 2nd period - Shot Blocked by Josh Bailey.
8:47 of 2nd period - Shot by Jamie Oleksiak.
8:47 of 2nd period - Shot Misses the Net.
9:11 of 2nd period - Icing by Victor Hedman.
9:12 of 2nd period - David Backes wins face-off versus Charlie Coyle in SPOKANE KNIGHTS zone.
9:19 of 2nd period - Shot by Patrick Kane.
9:19 of 2nd period - Shot Blocked by Robert Bortuzzo.
9:41 of 2nd period - Shot by Matthew Tkachuk.
9:41 of 2nd period - Stopped by Darcy Kuemper without a rebound.
9:42 of 2nd period - Patrice Bergeron wins face-off versus Connor McDavid in ANCHORAGE ACES zone.
9:53 of 2nd period - Shot by Nathan MacKinnon.
9:53 of 2nd period - Shot Misses the Net.
10:08 of 2nd period - Icing by Zachary Werenski.
10:09 of 2nd period - Connor McDavid wins face-off versus Nick Foligno in ANCHORAGE ACES zone.
10:22 of 2nd period - Shot by Nathan MacKinnon.
10:22 of 2nd period - Shot Misses the Net.
10:24 of 2nd period - Shot by Connor McDavid.
10:24 of 2nd period - Stopped by Mike Smith with a rebound.
10:26 of 2nd period - Shot by Nathan MacKinnon.
10:26 of 2nd period - Shot Misses the Net.
10:28 of 2nd period - Shot by Connor McDavid.
10:28 of 2nd period - Shot Misses the Net.
10:32 of 2nd period - Shot by Nathan MacKinnon.
10:32 of 2nd period - Shot Blocked by Valeri Nichushkin.
11:14 of 2nd period - Shot by Josh Bailey.
11:14 of 2nd period - Stopped by Mike Smith without a rebound.
11:15 of 2nd period - David Backes wins face-off versus Charlie Coyle in SPOKANE KNIGHTS zone.
11:15 of 2nd period - David Backes is hit by Chris Kreider.
11:18 of 2nd period - Patrick Kane is hit by Chris Kreider and loses puck.
11:22 of 2nd period - Duncan Keith is hit by Robert Bortuzzo.
11:30 of 2nd period - Shot by Patrick Kane.
11:30 of 2nd period - Stopped by Darcy Kuemper without a rebound.
11:31 of 2nd period - Bryan Rust wins face-off versus Brad Richardson in ANCHORAGE ACES zone.
12:46 of 2nd period - Shot by Nikolaj Ehlers.
12:46 of 2nd period - Deflect By Josh Bailey.
12:46 of 2nd period - Stopped by Mike Smith with a rebound.
12:48 of 2nd period - Shot by Phillip Danault.
12:48 of 2nd period - Shot Misses the Net.
12:55 of 2nd period - Nikolaj Ehlers is hit by Jamie Oleksiak and loses puck.
13:12 of 2nd period - Victor Hedman is hit by Josh Bailey and loses puck.
13:23 of 2nd period - Bryan Rust is hit by Artturi Lehkonen and loses puck.
13:51 of 2nd period - Shot by Connor McDavid.
13:51 of 2nd period - Shot Misses the Net.
13:53 of 2nd period - Shot by Nathan MacKinnon.
13:53 of 2nd period - Stopped by Mike Smith without a rebound.
13:54 of 2nd period - David Backes wins face-off versus Charlie Coyle in SPOKANE KNIGHTS zone.
14:22 of 2nd period - Shot by Patrick Kane.
14:22 of 2nd period - Shot Misses the Net.
15:08 of 2nd period - Shot by Nick Foligno.
15:08 of 2nd period - Shot Blocked by Ben Chiarot.
15:26 of 2nd period - Shot by Matthew Tkachuk.
15:26 of 2nd period - Shot Misses the Net.
15:58 of 2nd period - Shot by Tyler Pitlick.
15:58 of 2nd period - Stopped by Darcy Kuemper without a rebound.
15:59 of 2nd period - David Backes wins face-off versus Connor McDavid in ANCHORAGE ACES zone.
16:20 of 2nd period - Shot by Nathan MacKinnon.
16:20 of 2nd period - Shot Blocked by Mario Ferraro.
16:22 of 2nd period - Shot by Artturi Lehkonen.
16:22 of 2nd period - Shot Blocked by Radko Gudas.
16:30 of 2nd period - Shot by Nathan MacKinnon.
16:30 of 2nd period - Shot Misses the Net.
16:32 of 2nd period - Shot by Nathan MacKinnon.
16:32 of 2nd period - Deflect By Connor McDavid.
16:32 of 2nd period - Stopped by Mike Smith without a rebound.
16:33 of 2nd period - Phillip Danault wins face-off versus Nick Foligno in SPOKANE KNIGHTS zone.
16:34 of 2nd period - Shot by Nikolaj Ehlers.
16:34 of 2nd period - Stopped by Mike Smith without a rebound.
16:35 of 2nd period - Phillip Danault wins face-off versus Nick Foligno in SPOKANE KNIGHTS zone.
16:44 of 2nd period - Shot by Josh Bailey.
16:44 of 2nd period - Shot Blocked by Cale Makar.
16:51 of 2nd period - Icing by Duncan Keith.
16:52 of 2nd period - Connor McDavid wins face-off versus Nick Foligno in SPOKANE KNIGHTS zone.
17:20 of 2nd period - Icing by Valeri Nichushkin.
17:21 of 2nd period - Phillip Danault wins face-off versus Nick Foligno in SPOKANE KNIGHTS zone.
17:25 of 2nd period - Icing by Duncan Keith.
17:26 of 2nd period - Phillip Danault wins face-off versus Nick Foligno in SPOKANE KNIGHTS zone.
17:26 of 2nd period - Phillip Danault is hit by Cale Makar.
17:42 of 2nd period - Shot by Matthew Tkachuk.
17:42 of 2nd period - Shot Misses the Net.
17:44 of 2nd period - Shot by Valeri Nichushkin.
17:44 of 2nd period - Shot Misses the Net.
18:39 of 2nd period - Shot by Patrick Kane.
18:39 of 2nd period - Shot Misses the Net.
18:41 of 2nd period - Shot by David Backes.
18:41 of 2nd period - Shot Misses the Net.
19:05 of 2nd period - Shot by Sebastian Aho.
19:05 of 2nd period - Shot Misses the Net.
19:43 of 2nd period - Tyler Pitlick is hit by Nikolaj Ehlers.
Goals for this period are 0 for SPOKANE KNIGHTS vs 0 for ANCHORAGE ACES.
Shots for this period are 11 for SPOKANE KNIGHTS vs 8 for ANCHORAGE ACES.

3rd period


0:01 of 3rd period - David Backes wins face-off versus Connor McDavid in neutral zone.
1:22 of 3rd period - Shot by Nick Foligno.
1:22 of 3rd period - Stopped by Darcy Kuemper without a rebound.
1:23 of 3rd period - Charlie Coyle wins face-off versus Patrice Bergeron in ANCHORAGE ACES zone.
1:41 of 3rd period - Shot by Chris Kreider.
1:41 of 3rd period - Stopped by Mike Smith with a rebound.
2:00 of 3rd period - Icing by Chris Kreider.
2:01 of 3rd period - Nick Foligno wins face-off versus Charlie Coyle in ANCHORAGE ACES zone.
3:42 of 3rd period - Shot by Connor McDavid.
3:42 of 3rd period - Stopped by Mike Smith without a rebound.
3:43 of 3rd period - Patrice Bergeron wins face-off versus Brad Richardson in SPOKANE KNIGHTS zone.
3:52 of 3rd period - Shot by Brad Richardson.
3:52 of 3rd period - Stopped by Mike Smith without a rebound.
3:53 of 3rd period - Patrice Bergeron wins face-off versus Charlie Coyle in SPOKANE KNIGHTS zone.
4:56 of 3rd period - Shot by Patrick Kane.
4:56 of 3rd period - Stopped by Darcy Kuemper with a rebound.
5:18 of 3rd period - Shot by Patrick Kane.
5:18 of 3rd period - Shot Misses the Net.
5:20 of 3rd period - Shot by Duncan Keith.
5:20 of 3rd period - Stopped by Darcy Kuemper with a rebound.
5:22 of 3rd period - Shot by David Backes.
5:22 of 3rd period - Stopped by Darcy Kuemper without a rebound.
5:23 of 3rd period - Connor McDavid wins face-off versus Nick Foligno in ANCHORAGE ACES zone.
6:54 of 3rd period - Shot by Nikolaj Ehlers.
6:54 of 3rd period - Deflect By Josh Bailey.
6:54 of 3rd period - Shot Misses the Net.
6:57 of 3rd period - Icing by Matthew Tkachuk.
6:58 of 3rd period - Nick Foligno wins face-off versus Brad Richardson in SPOKANE KNIGHTS zone.
7:30 of 3rd period - Patrik Nemeth is hit by Jamie Oleksiak and loses puck.
7:49 of 3rd period - Shot by Connor McDavid.
7:49 of 3rd period - Stopped by Mike Smith without a rebound.
7:50 of 3rd period - Phillip Danault wins face-off versus Patrice Bergeron in SPOKANE KNIGHTS zone.
7:50 of 3rd period - Phillip Danault is hit by Cale Makar.
8:10 of 3rd period - Shot by Phillip Danault.
8:10 of 3rd period - Deflect By Nikolaj Ehlers.
8:10 of 3rd period - Shot Misses the Net.
8:17 of 3rd period - Minor Penalty to Ben Chiarot for Hooking.
8:18 of 3rd period - Sebastian Aho wins face-off versus Phillip Danault in ANCHORAGE ACES zone.
8:19 of 3rd period - Shot by Bryan Rust.
8:19 of 3rd period - Goal by Bryan Rust - SPOKANE KNIGHTS : 2 - ANCHORAGE ACES : 0.
8:20 of 3rd period - Connor McDavid wins face-off versus Andrew Agozzino in neutral zone.
8:20 of 3rd period - Connor McDavid is hit by Andrew Agozzino.
8:56 of 3rd period - Shot by Patrick Kane.
8:56 of 3rd period - Stopped by Darcy Kuemper without a rebound.
8:57 of 3rd period - Patrice Bergeron wins face-off versus Phillip Danault in ANCHORAGE ACES zone.
8:59 of 3rd period - Minor Penalty to Patrik Nemeth for Hooking.
9:00 of 3rd period - Phillip Danault wins face-off versus Sebastian Aho in ANCHORAGE ACES zone.
9:00 of 3rd period - Phillip Danault is hit by Matthew Tkachuk.
10:45 of 3rd period - Shot by Victor Hedman.
10:45 of 3rd period - Stopped by Darcy Kuemper with a rebound.
11:43 of 3rd period - Shot by Chris Kreider.
11:43 of 3rd period - Deflect By Charlie Coyle.
11:43 of 3rd period - Stopped by Mike Smith without a rebound.
11:44 of 3rd period - Nick Foligno wins face-off versus Charlie Coyle in SPOKANE KNIGHTS zone.
12:07 of 3rd period - Shot by Valeri Nichushkin.
12:07 of 3rd period - Shot Blocked by Patrik Nemeth.
13:33 of 3rd period - Shot by Sebastian Aho.
13:33 of 3rd period - Stopped by Darcy Kuemper with a rebound.
14:22 of 3rd period - Nathan MacKinnon is hit by Jamie Oleksiak and loses puck.
14:50 of 3rd period - Icing by Nathan MacKinnon.
14:51 of 3rd period - Connor McDavid wins face-off versus Nick Foligno in ANCHORAGE ACES zone.
15:12 of 3rd period - Matthew Tkachuk is hit by Patrik Nemeth and loses puck.
15:34 of 3rd period - Nick Foligno is hit by Seth Jones and loses puck.
15:58 of 3rd period - Shot by Nikolaj Ehlers.
15:58 of 3rd period - Shot Misses the Net.
16:00 of 3rd period - Shot by Nikolaj Ehlers.
16:00 of 3rd period - Shot Misses the Net.
16:02 of 3rd period - Shot by Ben Chiarot.
16:02 of 3rd period - Stopped by Mike Smith without a rebound.
16:03 of 3rd period - Andrew Agozzino wins face-off versus Charlie Coyle in SPOKANE KNIGHTS zone.
16:07 of 3rd period - Off-side.
16:08 of 3rd period - Charlie Coyle wins face-off versus Patrice Bergeron in neutral zone.
16:13 of 3rd period - Shot by Chris Kreider.
16:13 of 3rd period - Shot Misses the Net.
16:21 of 3rd period - Shot by Patrice Bergeron.
16:21 of 3rd period - Stopped by Darcy Kuemper without a rebound.
16:22 of 3rd period - Andrew Agozzino wins face-off versus Phillip Danault in ANCHORAGE ACES zone.
16:41 of 3rd period - Icing by Victor Hedman.
16:42 of 3rd period - Charlie Coyle wins face-off versus Andrew Agozzino in SPOKANE KNIGHTS zone.
17:25 of 3rd period - Minor Penalty to Nick Foligno for High sticking.
17:26 of 3rd period - Connor McDavid wins face-off versus Patrice Bergeron in SPOKANE KNIGHTS zone.
17:53 of 3rd period - Shot by Patrice Bergeron.
17:53 of 3rd period - Stopped by Darcy Kuemper with a rebound.
17:55 of 3rd period - Shot by Radko Gudas.
17:55 of 3rd period - Shot Misses the Net.
18:30 of 3rd period - Icing by Chris Kreider.
18:31 of 3rd period - Phillip Danault wins face-off versus Andrew Agozzino in ANCHORAGE ACES zone.
18:33 of 3rd period - Icing by Josh Bailey.
18:34 of 3rd period - Patrice Bergeron wins face-off versus Phillip Danault in ANCHORAGE ACES zone.
18:57 of 3rd period - Patrice Bergeron is hit by Chris Kreider.
Goals for this period are 1 for SPOKANE KNIGHTS vs 0 for ANCHORAGE ACES.
Shots for this period are 10 for SPOKANE KNIGHTS vs 6 for ANCHORAGE ACES.


NATHAN
MACKINNON
PHILLIP
DANAULT
CONNOR
MCDAVID

EAST COAST

HOCKEY LEAGUE

  • 25.QUE4CHI5
  • 26.CHA2LIM3
  • 27.TRV2LON3
  • 28.CHW4BAL2
  • 29.PITMAN
  • 30.ATLNHW
  • 31.WORPET
  • 32.RHI